 Dungeon Crawl Stone Soup version 0.22-a0-412-g2b68d14 (webtiles) character file.

182 Borgoz the Skirmisher (level 5, -5/33 HPs)
             Began as a Gargoyle Abyssal Knight on May 12, 2018.
             Was a Follower of Lugonu.
             Killed from afar by an orc wizard (8 damage)
             ... with a magic dart
             ... on level 3 of the Dungeon.
             The game lasted 00:04:43 (2249 turns).

Borgoz the Skirmisher (Gargoyle Abyssal Knight)     Turns: 2249, Time: 00:04:44

Health: -5/33      AC:  7    Str: 15    XL:     5   Next: 62%
Magic:  7/7        EV: 13    Int: 13    God:    Lugonu [*.....]
Gold:   213        SH:  0    Dex: 10    Spells: 4/4 levels left

rFire    . . .     SeeInvis .   a - +1 hand axe
rCold    . . .     Gourm    .   (no shield)
rNeg     + . .     Faith    .   b - +0 leather armour
rPois    ∞         Spirit   .   (no helmet)
rElec    +         Reflect  .   (no cloak)
rCorr    .         Harm     .   (no gloves)
MR       .....                  (no boots)
Stlth    ..........             (no amulet)
HPRegen  0.11/turn              f - +2 ring of evasion
MPRegen  0.10/turn              k - ring of loudness (curse)

@: no status effects
A: negative energy resistance 1, electricity resistance, unbreathing,
petrification resistance, rot immunity, AC +4
a: Depart the Abyss, Renounce Religion


You were on level 3 of the Dungeon.
You worshipped Lugonu.
Lugonu was aware of your devotion.
You were hungry.

You visited 1 branch of the dungeon, and saw 3 of its levels.
You visited the Abyss 1 time.

You collected 213 gold pieces.

Inventory:

Hand Weapons
 a - a +1 hand axe (weapon)
Armour
 b - a +0 leather armour (worn)
Jewellery
 f - a +2 ring of evasion (left hand)
 k - a cursed ring of loudness (right hand)
 m - an uncursed ring of poison resistance
Scrolls
 d - a scroll of enchant weapon {unknown}
 h - 2 scrolls of remove curse
 l - a scroll of immolation {unknown}
 n - a scroll of fear {unknown}
 p - a scroll of amnesia {unknown}
Potions
 e - a potion of agility
 g - 2 potions of brilliance
 i - a potion of heal wounds
 j - 2 potions of magic
 o - a potion of cancellation
Comestibles
 c - 7 rations


   Skills:
 + Level 3.9 Fighting
 * Level 3.3 Axes
 + Level 3.2 Armour
 + Level 1.8 Dodging
 + Level 3.1 Invocations


You had 4 spell levels left.
You didn't know any spells.
Your spell library was empty.

Dungeon Overview and Level Annotations

Branches:
Dungeon (3/15)

Altars:
Hepliaklqana

Annotations:
D:3 Borgoz's ghost, amateur GrAK


Innate Abilities, Weirdness & Mutations

You are resistant to torment.
Your stone body is resilient. (AC +4)
You are immune to poison.
You resist negative energy. (rN+)
You are resistant to electric shocks. (rElec)
You can survive without breathing.
You are immune to petrification.
You are immune to rotting.


Message History

You hit the orc wizard.
The orc wizard is moderately wounded.
The orc wizard mumbles some strange words.
The orc wizard flickers and vanishes!
Deactivating autopickup; reactivate with Ctrl-A.
You miss something. Something hits you.
The orc priest calls down the wrath of Beogh upon you.
Unknown command.
You closely miss something. Something hits you but does no damage.
You miss something. Something hits you. Something hits you but does no damage.
You closely miss something. Something hits you but does no damage.
The orc priest mumbles some strange prayers to Beogh against you.
Beogh smites you!
* * * LOW HITPOINT WARNING * * *
Unknown command.
You hit something but do no damage.
You hear some strange, mumbled words.
A magic dart appears from out of thin air!
The magic dart hits you!
You die...

##. #.. #.# #o#
#o# #o# ####.# #{#
..##.# #@# #.##.#
#.# #.##.# #.#
#.##.# #.# #.##.#
#.# #.##.# #.#
#.##.## #.#
########.#...###.#
.................#


You could see an orc priest and 2 orcs.

Vanquished Creatures
  A crimson imp (D:2)
  A quasit (Abyss:2)
  5 adders (D:2)
  A shadow imp (D:2)
  A worm (D:2)
  4 dart slugs (D:1)
  A leopard gecko (D:2)
  An orc (D:3)
  3 giant cockroaches
  4 goblins
  4 hobgoblins
  8 jackals
  8 bats
  5 frilled lizards
  5 kobolds
  5 rats
57 creatures vanquished.

Notes
Turn   | Place    | Note
-------+----------+-------------------------------------------
     0 | Abyss:1  | Borgoz the Gargoyle Abyssal Knight began the quest for the Orb.
     0 | Abyss:1  | Reached XP level 1. HP: 14/14 MP: 2/2
    49 | Abyss:2  | Noticed a quasit
    67 | Abyss:2  | Killed a quasit
    67 | Abyss:2  | Reached skill level 1 in Dodging
    67 | Abyss:2  | Reached XP level 2. HP: 6/19 MP: 3/3
    67 | Abyss:2  | Reached XP level 3. HP: 7/23 MP: 4/4
    82 | Abyss:2  | Noticed a purple draconian
   109 | Abyss:3  | Noticed a large abomination
   110 | D:1      | Escaped the Abyss
   447 | D:1      | Reached * piety under Lugonu
   569 | D:1      | Reached XP level 4. HP: 28/28 MP: 5/5
   886 | D:2      | Found a hazy altar of Hepliaklqana.
  1355 | D:2      | Reached XP level 5. HP: 29/33 MP: 7/7
  1410 | D:2      | Reached ** piety under Lugonu
  1874 | D:3      | Noticed Borgoz's ghost (amateur GrAK)
  2249 | D:3      | Killed from afar by an orc wizard

Vault maps used:
D:1:      matt_arrival_diagonals
D:2:      lemuel_coloured_pillars_altar, nicolae_overflow_hidden_temple
D:3:      chequers_ecumenical_altar_simple, dk_yredelemnul_ordeal
Abyss:1:  abyss_furniture_001
Abyss:2:  evilmike_abyss_exit_vortex, hangedman_abyss_feature_spike
Abyss:3:  evilmike_abyss_exit_3, hangedman_classic_abyss_death,
          hangedman_abyss_theft, evilmike_abyss_exit_kraken

Skill      XL: |  1  2  3  4  5 |
---------------+----------------+-----
Axes           | 2 3 |  3.3
Dodging        | 1 |  1.8
Armour         | 3 |  3.2
Invocations    | 3 |  3.1
Fighting       | |  3.9

Action                   |  1- 3 |  4- 6 || total
-------------------------+-------+-------++-------
Melee: Hand axe          |    80 |   173 ||   253
Invok: Depart the Abyss  |     1 |       ||     1
  Use: Scroll            |       |     6 ||     6
  Eat: Chunk             |       |     4 ||     4
Armor: Leather armour    |    68 |    68 ||   136
Dodge: Dodged            |   134 |   128 ||   262

Table legend:
 A = Spawn XP
 B = Non-spawn XP
 C = Spawn XP percentage of total XP
 D = Spawn monster count
 E = Non-spawn monster count
 F = Spawn count percentage of total count
 G = Total turns spent on level
                    A         B        C        D         E        F      G
               +---------+---------+-------+---------+---------+-------+---------
         Total |      46 |     215 |  17.6 |       1 |      56 |   1.8 |  2249
               +---------+---------+-------+---------+---------+-------+---------
           D:1 |       0 |      48 |   0.0 |       0 |      24 |   0.0 |   691
           D:2 |       0 |     162 |   0.0 |       0 |      29 |   0.0 |  1327
           D:3 |       0 |       5 |   0.0 |       0 |       3 |   0.0 |   121
       Abyss:2 |      46 |       0 | 100.0 |       1 |       0 | 100.0 |    77
               +---------+---------+-------+---------+---------+-------+---------
